 Dungeon Crawl Stone Soup version 0.28.0-47-ge53b351184 (webtiles) character file.

Game seed: 13267253488416435947

160 issech the Ducker (level 5, -2/50 (53) HPs)
             Began as a Troll Fighter on May 4, 2022.
             Slain by Crazy Yiuf
             ... wielding a +2 quarterstaff of chaos
              (16 damage)
             ... on level 2 of the Dungeon.
             The game lasted 00:04:45 (1995 turns).

issech the Ducker (Troll Fighter)                   Turns: 1995, Time: 00:04:45

HP:   -2/50 (53)    AC:  4    Str: 24    XL:     5   Next: 17%
MP:   4/4           EV:  9    Int:  4    God:
Gold: 64            SH:  7    Dex: 11    Spells: 4/4 levels left

rFire   . . .      SeeInvis .   g - +0 war axe
rCold   . . .      Faith    .   c - +0 kite shield
rNeg    . . .      Spirit   .   b - +0 robe
rPois   .          Reflect  .   (helmet restricted)
rElec   .          Harm     .   (no cloak)
rCorr   .          Rampage  .   (gloves unavailable)
Will    .....                   (boots unavailable)
Stlth   +.........              (no amulet)
HPRegen 0.96/turn               (no ring)
MPRegen 0.09/turn               (no ring)

@: drained
A: large, unfitting armour, claws 3, regeneration 1, shaggy fur 1, tough skin 1
a: no special abilities


You were on level 2 of the Dungeon.
You visited 1 branch of the dungeon, and saw 2 of its levels.

You collected 64 gold pieces.

Inventory:

Hand Weapons
 a - a +0 flail
 g - a +0 war axe (weapon)
Missiles
 f - 37 stones (quivered)
 h - 18 arrows
Armour
 b - a +0 robe (worn)
 c - a +0 kite shield (worn)
Scrolls
 i - 2 scrolls of amnesia {unknown}
 j - a scroll of silence {unknown}
 l - 2 scrolls of identify {unknown}
Potions
 d - a potion of might
 e - 2 potions of curing {unknown}
 k - a potion of haste {unknown}
 m - a potion of mutation {unknown}


   Skills:
 + Level 3.0 Fighting
 + Level 1.9(2.2) Axes
 + Level 1.9(2.4) Maces & Flails
 + Level 3.2 Dodging
 + Level 0.1 Stealth
 + Level 3.1 Shields


You had 4 spell levels left.
You didn't know any spells.
Your spell library contained the following spells:

 Spells                   Type           Power      Damage    Failure   Level
 Summon Small Mammal      Summ           0%         N/A       80%         1
 Call Canine Familiar     Summ           0%         N/A       99%         3
 Summon Guardian Golem    Hex/Summ       0%         N/A       99%         3


Dungeon Overview and Level Annotations

Branches:
Dungeon (2/15)

Altars:

Shops:
D:2 =*

Annotations:
D:2 Crazy Yiuf


Innate Abilities, Weirdness & Mutations

You are too large for most types of armour.
You have claws for hands.
Your natural rate of healing is unusually fast.
You are covered in fur. (AC +1)
You have tough skin. (AC +1)


Message History

Found a mace.
Found a runed translucent door.
Could not explore, unopened runed door.
You open the door. Crazy Yiuf misses you.
There is an open translucent door here.
You slash Crazy Yiuf!
Crazy Yiuf is moderately wounded.
Crazy Yiuf closely misses you.
Crazy Yiuf hits you with a +2 quarterstaff of chaos.
You feel drained.
You hit Crazy Yiuf.
Crazy Yiuf is heavily wounded.
Crazy Yiuf closely misses you.
You closely miss Crazy Yiuf.
Crazy Yiuf is heavily wounded.
You block Crazy Yiuf's attack.
Crazy Yiuf hits you with a +2 quarterstaff of chaos.
You barely miss Crazy Yiuf.
Crazy Yiuf is heavily wounded.
You block Crazy Yiuf's attack.
You hit Crazy Yiuf.
Crazy Yiuf is heavily wounded.
You block Crazy Yiuf's attack.
Crazy Yiuf sings, "Trees, trees, trees, circus!"
Crazy Yiuf hits you with a +2 quarterstaff of chaos!
You feel drained.
You barely miss Crazy Yiuf.
Crazy Yiuf is heavily wounded.
Crazy Yiuf hits you with a +2 quarterstaff of chaos.
You closely miss Crazy Yiuf.
Crazy Yiuf is heavily wounded.
You block Crazy Yiuf's attack.
Crazy Yiuf hits you with a +2 quarterstaff of chaos!
Crazy Yiuf burns you!
You completely miss Crazy Yiuf.
Crazy Yiuf is heavily wounded.
Crazy Yiuf hits you with a +2 quarterstaff of chaos.
* * * LOW HITPOINT WARNING * * *
You are electrocuted!
You die...

##### #...####### ########
#.##....#.### #### #).....#
#........#..##...# #.####.#
#.....#.####.@g..# #.# #.#
####.#....## ###..)# #.####.#
...#.###### #### #...##.#
##.....# #.#.##.# #.#.#.#
#.#.##.# ##.#.#.# #######
#......# .....#.# ##.....##
###.#### .#..##.###.......##
##..#.##
.#.....##.........####..###.#####


You could see Crazy Yiuf.

Vanquished Creatures
  Terence (D:2)
  Natasha (thrice) (D:2)
  An adder (D:2)
  A worm (D:2)
  4 bats (D:1)
  7 endoplasms
  A giant cockroach (D:1)
  2 goblins
  4 hobgoblins
  5 jackals
  3 quokkas
  3 ball pythons
  3 frilled lizards
  4 kobolds
  4 rats
46 creatures vanquished.

Vanquished Creatures (others)
  5 fungi (D:2)
5 creatures vanquished.

Grand Total: 51 creatures vanquished

Notes
Turn   | Place    | Note
-------+----------+-------------------------------------------
     0 | D:1      | issech the Troll Fighter began the quest for the Orb.
     0 | D:1      | Reached XP level 1. HP: 22/22 MP: 0/0
   195 | D:1      | Reached XP level 2. HP: 29/29 MP: 1/1
   578 | D:1      | Reached XP level 3. HP: 36/36 MP: 2/2
   927 | D:2      | Found Cumef's Assorted Antiques.
  1193 | D:2      | Found Reph's Jewellery Boutique.
  1346 | D:2      | Noticed Terence
  1362 | D:2      | Killed Terence
  1363 | D:2      | Reached skill level 1 in Axes
  1363 | D:2      | Reached XP level 4. HP: 32/44 MP: 3/3
  1408 | D:2      | Noticed Natasha
  1424 | D:2      | Killed Natasha
  1620 | D:2      | Noticed Natasha
  1635 | D:2      | Killed Natasha
  1776 | D:2      | Noticed Natasha
  1803 | D:2      | Killed Natasha
  1804 | D:2      | Reached XP level 5. HP: 33/53 MP: 4/4
  1982 | D:2      | Found a runed translucent door.
  1983 | D:2      | Noticed Crazy Yiuf
  1995 | D:2      | Slain by Crazy Yiuf

Illustrated notes

Levels and vault maps discovered:
D:1:      sevenhm_arrival_forest_fort_large_2, layout_basic
D:2:      layout_loops_corners, serial_shops, shop_statue, shop, uniq_natasha,
          uniq_crazy_yiuf_cottage, uniq_terence

Skill      XL: |  1  2  3  4 |
---------------+-------------+-----
Axes           | 1 |  1.9
Dodging        | 3 |  3.2
Shields        | 3 |  3.1
Fighting       | 3 |  3.0
Maces & Flails | |  1.9
Stealth        | |  0.1

Action                   |  1- 3 |  4- 6 || total
-------------------------+-------+-------++-------
Melee: Flail             |    18 |       ||    18
       War axe           |   107 |    85 ||   192
Armor: Robe              |    48 |    21 ||    69
Dodge: Dodged            |    60 |    36 ||    96
Block: Kite shield       |    53 |    49 ||   102
